Map: 뉴 리퍼그넌시 - 래더

Players

Solar - Winner!

  • Race: Zerg Zerg
  • Spawn Location: 1:00

Rogue

  • Race: Zerg Zerg
  • Spawn Location: 7:00

Event: IEM Season 13: Katowice (2019)

VOD

Have the link to the VOD?

Description

Time

  • Played on: March 1, 2019, 8:06 a.m.
  • Length: 8:58

All games in this series

Show
View Real Time Build Order
Export as new Build Order

Solar Zerg - Winner!

Build Orders: Hatch First 

Get SALT Encoding   

  12  0:01  Drone  
  13  0:12  Overlord  
  13  0:16  Drone  
  14  0:31  Drone x2  
  16  0:49  Hatchery  
  15  0:52  Drone  
  15  0:55  Drone  
  17  0:58  Drone  
  18  1:06  Extractor  
  17  1:14  Spawning Pool  
  17  1:17  Drone  
  17  1:20  Drone  
  18  1:28  Drone  
  19  1:39  Drone  
  20  1:50  Overlord  
  20  2:01  Queen x2, Drone x2  
  26  2:10  Metabolic Boost  
  26  2:12  Zergling x4  
  28  2:21  Drone  
  28  2:22  Drone  
  30  2:34  Hatchery  
  29  2:37  Drone  
  29  2:39  Drone  
  29  2:44  Drone  
  32  2:45  Overlord  
  32  2:55  Drone  
  33  3:09  Zergling x4  
  33  3:10  Zergling x10  
  33  3:11  Zergling x4  
  42  3:19  Drone, Roach Warren  
  42  3:21  Drone  
  43  3:28  Overlord  
  43  3:29  Drone  
  44  3:50  Queen  
  44  3:52  Overlord  
  45  4:00  Roach x6  
  55  4:10  Roach x2  
  55  4:15  Roach x2  
  58  4:25  Roach, Zergling x2  
  58  4:26  Zergling x8  
  58  4:31  Zergling x2  
  65  4:34  Overlord  
  65  4:37  Roach  
  60  4:44  Roach, Zergling x2  
  61  4:47  Zergling x2  
  62  4:54  Drone x4  
  62  4:55  Drone  
  62  4:56  Drone x2  
  62  4:59  Overlord  
  69  5:03  Roach  
  71  5:10  Extractor, Drone x2  
  71  5:11  Evolution Chamber  
  71  5:12  Drone  
  72  5:14  Drone  
  72  5:18  Drone  
  72  5:20  Drone  
  74  5:22  Drone x2  
  74  5:23  Drone  
  74  5:25  Extractor  
  74  5:27  Overlord  
  76  5:30  Drone  
  76  5:31  Drone  
  76  5:33  Drone  
  76  5:35  Drone  
  80  5:36  Drone  
  80  5:41  Lair  
  81  5:44  Overlord  
  81  5:46  Roach  
  81  5:49  Drone  
  85  5:50  Drone  
  85  5:52  Roach  
  85  5:56  Zerg Missile Weapons Level 1  
  87  5:58  Overlord  
  87  5:59  Drone  
  87  6:03  Roach  
  90  6:04  Drone  
  90  6:06  Extractor  
  90  6:07  Roach  
  90  6:10  Overlord  
  92  6:13  Roach x2  
  92  6:14  Overlord  
  92  6:16  Drone  
  92  6:18  Drone  
  97  6:19  Drone  
  97  6:22  Roach  
  100  6:27  Drone x3  
  100  6:30  Drone x3  
  106  6:33  Overlord  
  106  6:34  Roach  
  106  6:39  Glial Reconstitution  
  108  6:41  Overlord  
  108  6:43  Roach  
  108  6:46  Roach x2  
  111  6:49  Roach  
  111  6:51  Roach x2  
  111  6:53  Ravager  
  118  6:56  Roach  
  118  6:57  Spine Crawler  
  118  6:59  Roach, Overseer  
  121  7:02  Overlord  
  121  7:03  Roach  
  121  7:07  Roach x2  
  127  7:09  Roach  
  127  7:10  Overlord  
  127  7:13  Roach  
  127  7:15  Roach  
  133  7:18  Roach x2  
  133  7:21  Roach  
  133  7:22  Roach  
  142  7:25  Overlord  
  142  7:26  Roach x2  
  142  7:29  Overlord  
  146  7:32  Roach x2  
  146  7:34  Roach  
  146  7:35  Roach  
  154  7:37  Overlord  
  154  7:44  Roach x4  
  162  7:50  Roach x3  
  168  7:52  Overlord  
  168  7:57  Roach x2, Extractor  
  171  8:02  Roach x3  
  171  8:05  Roach  
  177  8:07  Roach  
  177  8:09  Roach  
  177  8:11  Roach  
  176  8:13  Roach  
  176  8:17  Roach  
  180  8:21  Roach x2  
  180  8:23  Roach  
  186  8:27  Roach  
  186  8:32  Overlord  
  186  8:34  Overlord  
Show
View Real Time Build Order
Export as new Build Order

Rogue Zerg 

Build Orders: Hatch First 

Get SALT Encoding   

  12  0:00  Drone  
  13  0:11  Overlord  
  13  0:16  Drone  
  14  0:30  Drone x2  
  16  0:47  Hatchery  
  15  0:50  Drone  
  15  0:54  Drone  
  17  0:57  Drone  
  18  1:09  Extractor  
  17  1:13  Spawning Pool  
  17  1:16  Drone  
  17  1:20  Drone  
  18  1:28  Drone  
  19  1:39  Drone  
  20  1:48  Overlord  
  20  1:59  Queen x2  
  20  2:00  Drone x2  
  26  2:09  Metabolic Boost  
  26  2:11  Drone x2  
  28  2:22  Drone x2  
  30  2:35  Hatchery  
  29  2:37  Zergling x2  
  29  2:38  Zergling x2  
  31  2:46  Baneling Nest  
  31  2:47  Drone x2  
  32  2:54  Overlord  
  32  2:59  Zergling x2  
  32  3:04  Zergling x2  
  32  3:05  Zergling x2  
  35  3:12  Queen  
  37  3:15  Drone x2  
  37  3:16  Drone  
  37  3:17  Zergling x2  
  37  3:18  Zergling x2  
  42  3:22  Overlord  
  42  3:26  Zergling x2  
  43  3:32  Baneling x2  
  43  3:36  Drone  
  44  3:44  Zergling x8  
  48  3:51  Zergling x8  
  48  3:53  Baneling  
  52  3:58  Zergling x8  
  52  4:02  Overlord  
  56  4:06  Zergling x2  
  55  4:13  Zergling x2  
  55  4:14  Zergling x4  
  55  4:17  Zergling x6  
  56  4:24  Zergling x2  
  56  4:25  Zergling x4  
  56  4:30  Zergling x2  
  59  4:33  Zergling x4  
  59  4:35  Zergling x2  
  57  4:40  Zergling x4  
  57  4:43  Queen  
  57  4:45  Zergling x2  
  55  4:49  Drone  
  55  4:50  Drone  
  55  4:51  Roach Warren  
  51  4:53  Drone  
  51  4:54  Drone  
  51  4:56  Queen  
  55  5:00  Drone  
  55  5:04  Drone  
  57  5:07  Overlord  
  57  5:08  Overlord  
  57  5:14  Baneling x2  
  57  5:17  Overlord  
  57  5:35  Roach x8  
  73  5:40  Evolution Chamber  
  72  5:42  Drone  
  72  5:43  Drone  
  72  5:49  Roach x2  
  79  5:50  Roach  
  79  5:53  Lair  
  79  5:57  Extractor  
  79  5:58  Extractor  
  79  5:59  Drone x2  
  79  6:02  Drone x2  
  81  6:05  Overlord  
  81  6:13  Overlord  
  81  6:18  Drone x6  
  82  6:20  Drone  
  82  6:21  Drone  
  89  6:31  Drone  
  89  6:32  Drone x4  
  94  6:34  Zerg Missile Weapons Level 1  
  94  6:38  Drone x2  
  96  6:44  Drone x3  
  96  6:46  Drone  
  98  6:47  Drone  
  98  6:48  Drone  
  98  6:51  Glial Reconstitution  
  98  6:52  Extractor  
  99  6:54  Roach  
  99  6:59  Overseer, Overlord  
  99  7:00  Roach  
  103  7:03  Overlord  
  103  7:07  Drone x2  
  105  7:08  Drone  
  105  7:10  Overlord  
  105  7:12  Overlord  
  106  7:22  Roach x5  
  116  7:24  Roach  
  116  7:26  Ravager x2  
  116  7:28  Overlord  
  120  7:31  Roach x2  
  120  7:33  Roach  
  120  7:35  Roach  
  128  7:38  Roach x2  
  128  7:41  Roach  
  128  7:42  Overlord  
  128  7:43  Overlord  
  134  7:46  Roach  
  134  7:48  Roach  
  134  7:49  Roach  
  134  7:51  Roach  
  142  7:52  Roach  
  142  7:58  Roach  
  146  8:03  Roach x3  
  146  8:04  Roach  
  142  8:13  Roach x4, Extractor  
  142  8:15  Extractor  
  142  8:18  Roach x2  
  142  8:19  Roach, Overlord  
  155  8:27  Roach x3  
  155  8:28  Overlord  
  157  8:34  Roach  
  157  8:35  Roach, Overlord  

Tags
 
Add a new tag
Caveats
  • Supply blocks, unpowered buildings, or Contaminate may cause inaccurate times.
  • Supply counts are checked every 10 seconds.